 Dungeon Crawl Stone Soup version 0.20.1-1-g8b1a95d (webtiles) character file.

220 Humpert the Insei (level 5, 0/63 HPs)
             Began as a Draconian Transmuter on Oct 13, 2017.
             Was an Initiate of Sif Muna.
             Slain by a hound (4 damage)
             ... on level 4 of the Dungeon.
             The game lasted 00:10:52 (4996 turns).

Humpert the Insei (Draconian Transmuter)            Turns: 4996, Time: 00:10:53

Health: 0/63       AC:  6    Str: 17      XL:     5   Next: 64%
Magic:  2/9        EV: 13    Int: 13      God:    Sif Muna [......]
Gold:   125        SH:  0    Dex: 12 (13) Spells: 6/9 levels left

rFire    . . .     SeeInvis .     - Unarmed
rCold    . . .     Gourm    .   (no shield)
rNeg     . . .     Faith    .   (armour unavailable)
rPois    .         Spirit   .   (helmet restricted)
rElec    .         Reflect  .   (no cloak)
rCorr    .         Harm     .   h - +0 pair of gloves
MR       .....                  (no boots)
Stlth    ..........             (no amulet)
Regen    0.2/turn               (no ring)
MPRegen  0.2/turn               (no ring)

@: berserking, very slightly contaminated, very quick
A: unfitting armour, cold-blooded, AC +5
a: Renounce Religion


You were on level 4 of the Dungeon.
You worshipped Sif Muna.
Sif Muna was noncommittal.
You were not hungry.

You visited 2 branches of the dungeon, and saw 5 of its levels.

You collected 125 gold pieces.

Inventory:

Missiles
 a - 70 arrows
Armour
 h - a +0 pair of gloves (worn)
Jewellery
 l - an uncursed amulet of harm {unknown}
Wands
 t - a wand of clouds (2/9)
Scrolls
 e - a scroll of remove curse {unknown}
 f - a scroll of amnesia {unknown}
 i - 2 scrolls of identify {unknown}
 k - a scroll of enchant weapon {unknown}
 n - a scroll of random uselessness {unknown}
 o - a scroll of blinking {unknown}
 q - a scroll of enchant armour {unknown}
 r - a scroll of teleportation {unknown}
Potions
 g - a potion of heal wounds {unknown}
 j - a potion of invisibility {unknown}
 p - a potion of magic {unknown}
 s - a potion of might
Books
 b - a book of Changes

   Spells                             Type                      Level
   a - Beastly Appendage              Transmutation                1
   b - Sticks to Snakes               Transmutation                2
   c - Spider Form                    Transmutation/Poison         3
   d - Ice Form                       Ice/Transmutation            4
   e - Blade Hands                    Transmutation                5
Comestibles
 c - 3 bread rations


   Skills:
 * Level 2.4 Fighting
 + Level 2.6 Dodging
 + Level 4.5 Unarmed Combat
 + Level 2.7 Spellcasting
 + Level 3.1 Transmutations


You had 6 spell levels left.
You knew the following spells:

 Your Spells              Type           Power        Failure   Level  Hunger
a - Beastly Appendage     Tmut           #.....       7%          1    #......
b - Sticks to Snakes      Tmut           #.......     10%         2    ###....


Dungeon Overview and Level Annotations

Branches:
Dungeon (4/15)             Temple (1/1) D:4

Altars:
Cheibriados
Elyvilon
Hepliaklqana
Kikubaaqudgha
Nemelex Xobeh
Okawaru
Sif Muna
Trog
Uskayaw
Vehumet
Xom
Yredelemnul
Zin
The Shining One

Annotations:
D:4 Grinder


Innate Abilities, Weirdness & Mutations

Your plain brown scales are hard. (AC +5)
You cannot fit into any form of body armour.
You are cold-blooded and may be slowed by cold attacks.


Message History

Your ball python closely misses Grinder.
Your ball python barely misses Grinder.
The hound completely misses your ball python.
Your ball python barely misses Grinder.
Your ball python misses Grinder.
Grinder hits your ball python.
Your ball python writhes in agony.
Your ball python dies!
Grinder shouts!
Casting: Beastly Appendage
Confirm with . or Enter, or press ? or * to list all spells.
You create a snake!
You now have 70 arrows.
You swap places.
The hound bites your ball python.
Your ball python dies!
It was a potion of berserk rage.
A red film seems to cover your vision as you go berserk!
You feel yourself moving faster!
You feel mighty! The hound barely misses you.
You barely miss the hound. The hound closely misses you.
Grinder blinks!
You punch the hound!
The hound is heavily wounded.
The hound bites you.
You die...

... ....
##⌠.⌠####...#...# .#
#....#######
###.###.## .#
#....#######
#.#.###..#
..........
#.#..###.#
.#....5......
#........#
............#
####...#.#### ....W.
#.##### ###......#
...... #.....##
##...##### ......
#####.@# #..###
...... ##h####.##
....>. #§#....#
...... . ##.....##
......
....##...##.####
......
.............).#
#.....
.######5...###.#####
#....#
.....#.........[#
####
######........<.#


You could see Grinder and a hound.

Vanquished Creatures
  A water moccasin skeleton (D:4)
  Jessica (D:3)
  Robin (D:2)
  3 adders
  An ooze (D:2)
  4 worms
  A dart slug (D:2)
  A leopard gecko (D:2)
  11 orcs
  A ball python (D:2)
  7 bats
  4 giant cockroaches
  12 goblins
  7 hobgoblins
  6 jackals
  3 quokkas
  3 frilled lizards
  4 kobolds
  4 rats
75 creatures vanquished.

Notes
Turn   | Place    | Note
-------+----------+-------------------------------------------
     0 | D:1      | Humpert the Draconian Transmuter began the quest for the Orb.
     0 | D:1      | Reached XP level 1. HP: 16/16 MP: 3/3
   599 | D:1      | Reached XP level 2. HP: 19/23 MP: 5/5
  1315 | D:2      | Reached XP level 3. HP: 19/28 MP: 4/6
  1507 | D:2      | Learned a level 2 spell: Sticks to Snakes
  1784 | D:2      | Found a radiant altar of Vehumet.
  2011 | D:2      | Found a bloodstained altar of Trog.
  2212 | D:2      | Noticed Robin
  2225 | D:2      | Reached XP level 4. HP: 32/35 MP: 5/7
  2265 | D:2      | Killed Robin
  2616 | D:2      | Found a glowing silver altar of Zin.
  2828 | D:3      | Found a white marble altar of Elyvilon.
  3026 | D:3      | Reached skill level 4 in Unarmed Combat
  3385 | D:3      | Noticed Jessica
  3398 | D:3      | Killed Jessica
  3398 | D:3      | Reached XP level 5. HP: 40/41 MP: 2/8
  3474 | D:3      | Found an iron altar of Okawaru.
  4053 | D:4      | Noticed a phantom
  4055 | D:4      | Noticed Grinder
  4138 | D:4      | Noticed a phantom
  4661 | D:4      | Found a staircase to the Ecumenical Temple.
  4666 | Temple   | Entered the Ecumenical Temple
  4900 | Temple   | Became a worshipper of Sif Muna the Loreminder
  4986 | D:4      | Paralysed by Grinder for 4 turns
  4990 | D:4      | HP: 2/42 [Grinder/nerve-wracking pain (1)]
  4996 | D:4      | Slain by a hound

Skill      XL: |  1  2  3  4  5 |
---------------+----------------+-----
Dodging        | 2 |  2.6
Fighting       | 2 |  2.4
Unarmed Combat | 4 |  4.5
Transmutations | 3 |  3.1
Spellcasting   | |  2.7

Action                   |  1- 3 |  4- 6 || total
-------------------------+-------+-------++-------
Melee: Unarmed           |   130 |   158 ||   288
       Tailslap          |    14 |    16 ||    30
       Headbutt          |     5 |     2 ||     7
       Punch             |     2 |     5 ||     7
       Kick              |     2 |    13 ||    15
 Cast: Beastly Appendage |    16 |    10 ||    26
       Sticks to Snakes  |     1 |     5 ||     6
  Use: Potion            |       |     3 ||     3
  Eat: Chunk             |     4 |     4 ||     8
       Royal jelly       |       |     1 ||     1
       Fruit             |       |     1 ||     1
       Meat ration       |       |     1 ||     1
Armor: Skin              |    42 |    41 ||    83
Dodge: Dodged            |    68 |    77 ||   145
